 Dungeon Sprint DCSS version 0.20-a0-754-g13ddd6e (webtiles) character file.

620 Penishole the Carver (level 7, -7/70 HPs)
             Began as a Minotaur Berserker on Feb 27, 2017.
             Was a Priest of Trog.
             Mangled by Sonja
             ... wielding a +0 dagger of distortion
              (26 damage)
             ... in the Dungeon (Sprint I: "Red Sonja").
             The game lasted 00:06:02 (460 turns).

Penishole the Carver (Minotaur Berserker)            Turns: 460, Time: 00:06:03

Health: -7/70      AC:  2    Str: 22    XL:     7   Next: 22%
Magic:  6/6        EV: 16    Int:  4    God:    Trog [***...]
Gold:   255        SH:  0    Dex: 11    Spells: 6/6 levels left

rFire    . . .     SeeInvis .   a - +0 long sword
rCold    . . .     Gourm    .   b - +0 animal skin
rNeg     . . .     Faith    .   (no shield)
rPois    .         Spirit   .   (helmet restricted)
rElec    .         Reflect  .   (no cloak)
rCorr    .         Harm     .   (no gloves)
MR       .....     NoTele   +   (no boots)
Stlth    +.........             (no amulet)
Regen    0.3/turn               (no ring)
MPRegen  0.1/turn               (no ring)

@: lethally poisoned (-7 -> -35), exhausted, slowed, very slow
A: retaliatory headbutt, horns 2
a: Berserk, Trog's Hand, Burn Spellbooks, Renounce Religion


You were in the Dungeon.
You worshipped Trog.
Trog was most pleased with you.
You were near starving.

You visited 1 branch You collected 297 gold pieces.
You spent 42 gold pieces at shops.

Inventory:

Hand Weapons
 a - a +0 long sword (weapon)
 j - a +0 falchion
Armour
 b - a +0 animal skin (worn)
 k - a +0 robe
Scrolls
 i - a scroll of blinking
Potions
 d - a potion of curing
 e - a potion of heal wounds
 f - a potion of haste
 g - 2 potions of magic
 h - a potion of berserk rage
Comestibles
 c - a bread ration


   Skills:
 + Level 9.5 Fighting
 * Level 13.5 Long Blades
 - Level 4.5 Armour
 + Level 8.2 Dodging


You had 6 spell levels left.
You didn't know any spells.

Dungeon Overview and Level Annotations

Branches:
Dungeon (1/1)

Altars:
Cheibriados
Dithmenos
Elyvilon
Fedhas
Gozag
Hepliaklqana
Kikubaaqudgha
Makhleb
Nemelex Xobeh
Okawaru
Qazlal
Ru
Sif Muna
Trog
Uskayaw
Vehumet
Xom
Yredelemnul
Zin
The Shining One
Jiyva
Lugonu

Shops:
D (

Annotations:
D Sonja


Innate Abilities, Weirdness & Mutations

You reflexively headbutt those who attack you in melee.
You have a pair of horns on your head.


Message History

Sonja shoots a curare-tipped needle.
The curare-tipped needle closely misses you.
Sonja says, "Someone hired me to kill you, but I'm not supposed to say who."
Sonja shoots a curare-tipped needle.
The curare-tipped needle hits you.
You are more poisoned.
You have difficulty breathing.
* * * LOW HITPOINT WARNING * * *
You feel as though you will be slow longer.
You feel very sick.
Sonja unwields an uncursed blowgun.
Sonja wields an uncursed dagger of distortion.
Its appearance distorts for a moment.
Sonja hits you with an uncursed dagger of distortion!
* * * LOW HITPOINT WARNING * * *
Space bends around you.
* * * LOW HITPOINT WARNING * * *
Sonja hits you with an uncursed dagger of distortion.
* * * LOW HITPOINT WARNING * * *
Space warps horribly around you!
You die...

#<.#..').#.)'..#__#
#..'..#..'..#..'..+
#..#####'#####'#__#
#..####..#...#(####
#..#__####..##)#
#..#_____##'#..+
#⌠⌠#_.∩...'.(._#
####_..__##_K#+#
#_____###@#
#########.## +$.$+
#$.$# ##(## #+#


You could see Sonja.

Vanquished Creatures
  A slime creature (D)
  Sigmund (D)
  A yak (D)
  An ogre (D)
  A jelly (D)
  Ijyb (D)
6 creatures vanquished.

Notes
Turn   | Place    | Note
-------+----------+-------------------------------------------
     0 | D        | Penishole the Minotaur Berserker began the quest for the Orb.
     0 | D        | Reached XP level 1. HP: 19/19 MP: 0/0
     3 | D        | Noticed Ijyb
     6 | D        | Killed Ijyb
     6 | D        | Reached skill level 6 in Long Blades
     6 | D        | Reached XP level 2. HP: 26/26 MP: 1/1
    10 | D        | Noticed an ogre
    14 | D        | Killed an ogre
    14 | D        | Reached skill level 5 in Fighting
    14 | D        | Reached skill level 9 in Long Blades
    14 | D        | Reached XP level 3. HP: 21/36 MP: 2/2
    14 | D        | Reached XP level 4. HP: 24/42 MP: 3/3
   132 | D        | Noticed Sigmund
   142 | D        | Killed Sigmund
   142 | D        | Reached ** piety under Trog
   142 | D        | Reached skill level 11 in Long Blades
   142 | D        | Reached XP level 5. HP: 52/52 MP: 4/4
   315 | D        | Found a deep blue altar of Sif Muna.
   321 | D        | Reached XP level 6. HP: 61/61 MP: 5/5
   323 | D        | Found a radiant altar of Vehumet.
   334 | D        | Found a burning altar of Makhleb.
   334 | D        | Found a viscous altar of Jiyva.
   334 | D        | Found a shimmering altar of Xom.
   334 | D        | Found a corrupted altar of Lugonu.
   334 | D        | Noticed a slime creature
   341 | D        | Killed a slime creature
   341 | D        | Reached skill level 12 in Long Blades
   404 | D        | Found Nearhaill's Weapon Emporium.
   404 | D        | Found an ancient bone altar of Kikubaaqudgha.
   404 | D        | Found a hazy altar of Hepliaklqana.
   404 | D        | Found a stormy altar of Qazlal.
   404 | D        | Found a hide-covered altar of Uskayaw.
   404 | D        | Found a blossoming altar of Fedhas.
   404 | D        | Found a bloodstained altar of Trog.
   404 | D        | Found an iron altar of Okawaru.
   404 | D        | Found a basalt altar of Yredelemnul.
   404 | D        | Found a glowing golden altar of the Shining One.
   404 | D        | Found a snail-covered altar of Cheibriados.
   404 | D        | Found a sacrificial altar of Ru.
   404 | D        | Found a glowing silver altar of Zin.
   404 | D        | Found a shadowy altar of Dithmenos.
   404 | D        | Found a white marble altar of Elyvilon.
   404 | D        | Noticed a yak
   407 | D        | Killed a yak
   407 | D        | Reached *** piety under Trog
   407 | D        | Reached skill level 13 in Long Blades
   407 | D        | Reached XP level 7. HP: 70/70 MP: 6/6
   408 | D        | Found an opulent altar of Gozag.
   409 | D        | Found a sparkling altar of Nemelex Xobeh.
   413 | D        | Bought a +0 long sword for 42 gold pieces
   454 | D        | Noticed Sonja
   460 | D        | Mangled by Sonja

Vault maps used:
D:        dungeon_sprint_1

Skill      XL: |  1  2  3  4  5  6 |
---------------+-------------------+-----
Long Blades    | 6 9 11 13 | 13.5
Armour         | 4 |  4.5
Fighting       | 5 7 9 |  9.5
Dodging        | 4 6 8 |  8.2

Action                   |  1- 3 |  4- 6 |  7- 9 || total
-------------------------+-------+-------+-------++-------
Melee: Falchion          |     6 |    12 |       ||    18
       Headbutt          |     2 |     4 |       ||     6
Invok: Berserk           |     1 |     3 |     1 ||     5
  Eat: Chunk             |       |     1 |       ||     1
Dodge: Dodged            |     4 |     5 |     6 ||    15
       Rpst.: Falchion   |       |     3 |       ||     3
